 Dungeon Sprint DCSS version 0.30-a0-4-ga7cffc901d (webtiles) character file.

Game seed: 5564544038979644879

21028 mhtbhm the Imperceptible (level 12, 0/65 HPs)
             Began as a Spriggan Brigand on Aug 20, 2022.
             Was the Champion of Dithmenos.
             Constricted to death by an anaconda (4 damage)
             ... in the Dungeon (Sprint III: "The Ten Rune Challenge") on Aug 21, 2022.
             The game lasted 00:16:08 (4803 turns).

mhtbhm the Imperceptible (Spriggan Brigand)         Turns: 4803, Time: 00:16:09

Health: 0/65       AC:  5    Str:  7    XL:     12   Next: 50%
Magic:  23/23      EV: 26    Int: 13    God:    Dithmenos [******]
Gold:   937        SH:  4    Dex: 21    Spells: 11/11 levels left

rFire   . . .      SeeInvis +    a - +8 quick blade
rCold   . . .      Faith    .    (no shield)
rNeg    . . .      Spirit   .    b - +2 robe
rPois   .          Reflect  .    (helmet restricted)
rElec   .          Harm     .    c - +0 cloak
rCorr   .          Rampage  .    (gloves unavailable)
Will    +++..      NoTele   +    (boots unavailable) Stlth *********+
                                 (no amulet)
HPRegen 0.20/turn                (no ring)
MPRegen 0.18/turn                (no ring)

@: wreathed by umbra, constricted, very quick
A: very small, no large weapons, unfitting armour, see invisible, speed 3,
talons 1, large bone plates 1, strong-willed 1
a: Renounce Religion, Shadow Step, Shadow Form


You were in the Dungeon.
You worshipped Dithmenos.
Dithmenos was exalted by your worship.
You visited 1 branch You collected 2565 gold pieces.
You spent 1628 gold pieces at shops.

Inventory:

Hand Weapons
 a - a +8 quick blade (weapon)
Missiles
 e - 3 curare-tipped darts (quivered)
 j - 2 poisoned darts
 w - 5 datura-tipped darts
 x - 5 atropa-tipped darts
Armour
 b - a +2 robe (worn)
 c - a +0 cloak (worn)
Wands
 h - a wand of polymorph (2)
Scrolls
 k - a scroll of blinking
 m - a scroll of poison
 n - a scroll of identify
 p - a scroll of immolation
 v - a scroll of enchant weapon
Potions
 d - a potion of lignification {unknown}
 f - 2 potions of curing
 g - a potion of heal wounds
 i - 2 potions of magic
 l - 2 potions of mutation
 o - 4 potions of flight
 r - a potion of haste
 s - 2 potions of might
 t - a potion of cancellation
 u - a potion of brilliance
Miscellaneous
 q - a phial of floods


   Skills:
 + Level 8.7 Fighting
 + Level 13.2 Short Blades
 + Level 14.4 Throwing
 + Level 13.3 Dodging
 + Level 26.3 Stealth
 + Level 3.4 Shields
 * Level 14.0 Invocations
 + Level 8.4 Evocations


You had 11 spell levels left.
You didn't know any spells.
Your spell library contained the following spells:

 Spells                   Type           Power      Damage    Failure   Level
 Apportation              Tloc           0%         N/A       30%         1
 Necrotise                Necr           0%         1d4       30%         1
 Summon Small Mammal      Summ           0%         N/A       30%         1


Dungeon Overview and Level Annotations

Branches:
Dungeon (1/1)

Altars:
Cheibriados
Dithmenos
Elyvilon
Fedhas
Gozag
Hepliaklqana
Kikubaaqudgha
Makhleb
Nemelex Xobeh
Okawaru
Qazlal
Ru
Sif Muna
Trog
Uskayaw
Vehumet
Wu Jian
Xom
Yredelemnul
Zin
The Shining One
Jiyva
Lugonu

Shops:
D ((!:!?[=?((?

Annotations:
D exclusion: orange crystal statue


Innate Abilities, Weirdness & Mutations

You are very small and have problems with some larger weapons.
You are too small for most types of armour.
You have supernaturally acute eyesight. (SInv)
You cover ground extremely quickly. (Speed+++)
You have sharp toenails.
You are partially covered in large bone plates. (SH +4)
You are strong-willed. (Will+)


Message History

The anaconda is heavily wounded.
You hit the anaconda but do no damage.
The anaconda is severely wounded.
The anaconda completely misses you. The anaconda bites you!
* * * LOW HITPOINT WARNING * * *
You hit the anaconda.
You claw the anaconda, but do no damage.
The anaconda is severely wounded.
You completely miss the anaconda. You claw the anaconda.
The anaconda is severely wounded.
Your shadow closely misses the anaconda.
Throw: 4 darts (curare)
Press: ? - help, Q - select action, (/) - cycle Shift-Dir - straight line, f/p - anaconda
Aim: an anaconda (severely wounded, poisoned, slow, umbra, 57% to hit)
You throw a curare-tipped dart.
The curare-tipped dart hits the anaconda.
The anaconda looks even sicker.
The anaconda convulses.
The anaconda seems to be slow for longer.
The anaconda is almost dead.
The anaconda completely misses you.
The anaconda bites you but does no damage.
Unknown command.
You hit the anaconda.
The anaconda is almost dead.
Your shadow misses the anaconda. The anaconda grabs you.
The anaconda closely misses you. The anaconda constricts you.
* * * LOW HITPOINT WARNING * * *
You emit a cloud of dark smoke.
You barely miss the anaconda. Your kick misses the anaconda.
The anaconda is almost dead.
You completely miss the anaconda.
The anaconda is almost dead.
Your shadow hits the anaconda but does no damage.
You hit the anaconda.
The anaconda is almost dead.
Your shadow hits the anaconda with a quick blade.
The anaconda bites you!
* * * LOW HITPOINT WARNING * * *
The anaconda constricts you.
You die...

♣♣♣♣#..♣♣ ♣♣♣##'#####
###'♣♣♣♣♣♣♣♣♣♣♣♣♣♣♣ #...'.≈≈
♣♣♣♣.##.†##~~~~~≈..# #...#.§≈
♣...##.##.#~~~~≈...# #).)#.#≈
♣♣.##.##.##'~~~≈≈####+#####.#
♣..#.##...#~~.....○°☼#)....#
♣♣.##.##).#≈..'#######.)PPP#
♣♣.##.#####§§§#.....)#..)PP#
♣†....##.÷.S@.#♣♣♣._†#...)P#
########(#############'#####
#.....S.....###.....+
#...........÷##.#####
###########§.##.#
.....§§§§§.##.#
.....§§§S§###.# .##########
#.# ## #.# ###.


You could see an anaconda (very poisoned, slow).

Vanquished Creatures
  Rupert (D)
  Gastronok (D)
  Harold (D)
  2 dire elephants (D)
  Josephine (D)
  3 anacondas (D)
  2 hydras (D)
  A centaur warrior (D)
  Urug (D)
  A spriggan druid (D)
  A death drake (D)
  Joseph (D)
  A deep elf pyromancer (D)
  2 orc knights (D)
  2 elephants (D)
  6 black mambas (D)
  2 cane toads (D)
  A rime drake (D)
  2 unseen horrors (D)
  A komodo dragon (D)
  3 wandering mushrooms (D)
  2 orc high priests (D)
  5 blink frogs (D)
  A shadow (D)
  2 spriggans (D)
  3 redbacks (D)
  A swamp worm (D)
  5 water moccasins (D)
  An orc warrior (D)
  A black bear (D)
  A swamp drake (D)
  A boggart (D)
  2 centaurs (D)
  An earth elemental (D)
  A water elemental (D)
  A scorpion (D)
  A necrophage (D)
  An electric eel (D)
  4 orc priests (D)
  A jelly (D)
  Jessica (D)
  A wizard (D)
  A necromancer (D)
  3 orc wizards (D)
  A human (D)
  A kobold demonologist (D)
  4 adders (D)
  10 orcs (D)
  2 endoplasms (D)
  A rat (D)
96 creatures vanquished.

Vanquished Creatures (others)
  21 plants (D)
21 creatures vanquished.

Grand Total: 117 creatures vanquished

Notes
Turn   | Place    | Note
-------+----------+-------------------------------------------
     0 | D        | mhtbhm the Spriggan Brigand began the quest for the Orb.
     0 | D        | Reached XP level 1. HP: 10/10 MP: 2/2
    10 | D        | Reached skill level 6 in Stealth
   181 | D        | Noticed Jessica
   184 | D        | Killed Jessica
   185 | D        | Reached skill level 9 in Stealth
   185 | D        | Reached XP level 2. HP: 16/16 MP: 3/3
   185 | D        | Reached XP level 3. HP: 19/19 MP: 4/4
   284 | D        | Reached skill level 10 in Stealth
   389 | D        | Noticed a scorpion
   392 | D        | Killed a scorpion
   393 | D        | Reached skill level 12 in Stealth
   393 | D        | Reached XP level 4. HP: 24/24 MP: 5/5
   419 | D        | Gained mutation: Your body sometimes deteriorates upon
                  | taking damage. [potion of mutation]
   420 | D        | Lost mutation: Your body sometimes deteriorates upon taking
                  | damage. [potion of mutation]
   420 | D        | Gained mutation: You are partially covered in large bone
                  | plates. (SH +4) [potion of mutation]
   420 | D        | Gained mutation: You have sharp toenails. [potion of
                  | mutation]
   420 | D        | Gained mutation: You are strong-willed. (Will+) [potion of
                  | mutation]
   423 | D        | Noticed a water elemental
   438 | D        | Killed a water elemental
   439 | D        | Reached skill level 5 in Short Blades
   439 | D        | Reached skill level 13 in Stealth
   439 | D        | Reached XP level 5. HP: 17/28 MP: 6/6
   620 | D        | Found a shadowy altar of Dithmenos.
   629 | D        | Reached skill level 14 in Stealth
   629 | D        | Found a basalt altar of Yredelemnul.
   629 | D        | Found a sacrificial altar of Ru.
   651 | D        | Became a worshipper of Dithmenos the Shadowed
   665 | D        | Found a glowing silver altar of Zin.
   666 | D        | Found a glowing golden altar of the Shining One.
   666 | D        | Found a white marble altar of Elyvilon.
   666 | D        | Noticed a deep elf pyromancer
   668 | D        | Killed a deep elf pyromancer
   669 | D        | Reached skill level 17 in Stealth
   669 | D        | Reached XP level 6. HP: 30/34 MP: 6/10
   669 | D        | Reached XP level 7. HP: 33/38 MP: 6/11
   675 | D        | Found a radiant altar of Vehumet.
   676 | D        | Found a shimmering blue altar of Sif Muna.
   676 | D        | Found an ancient bone altar of Kikubaaqudgha.
   679 | D        | Reached * piety under Dithmenos
   687 | D        | Found a hide-covered altar of Uskayaw.
   687 | D        | Found an iron altar of Okawaru.
   688 | D        | Found a bloodstained altar of Trog.
   688 | D        | Found an ornate altar of the Wu Jian Council.
   688 | D        | Noticed a human
   688 | D        | Noticed a human
   693 | D        | a human changed into a boggart
   704 | D        | Reached skill level 18 in Stealth
   725 | D        | a human changed into a black bear
   774 | D        | Reached skill level 5 in Invocations
   935 | D        | Noticed a shadow
   937 | D        | Killed a shadow
   937 | D        | Reached ** piety under Dithmenos
   938 | D        | Reached skill level 1 in Evocations
   938 | D        | Reached XP level 8. HP: 42/42 MP: 11/13
   943 | D        | Found a blossoming altar of Fedhas.
   943 | D        | Found a stormy altar of Qazlal.
   944 | D        | Found a snail-covered altar of Cheibriados.
   944 | D        | Found a burning altar of Makhleb.
   944 | D        | Found a hazy altar of Hepliaklqana.
   944 | D        | Found a shimmering altar of Xom.
   944 | D        | Found an opulent altar of Gozag.
   944 | D        | Found a sparkling altar of Nemelex Xobeh.
   944 | D        | Found a corrupted altar of Lugonu.
   944 | D        | Found a viscous altar of Jiyva.
   964 | D        | Noticed Josephine
   991 | D        | Killed Josephine
   992 | D        | Reached skill level 5 in Fighting
   992 | D        | Reached skill level 5 in Dodging
   992 | D        | Reached skill level 19 in Stealth
  1014 | D        | Found Iffakhas's Antique Weapon Boutique.
  1071 | D        | Noticed a centaur warrior
  1082 | D        | Killed a centaur warrior
  1082 | D        | Reached *** piety under Dithmenos
  1083 | D        | Reached skill level 10 in Short Blades
  1083 | D        | Reached XP level 9. HP: 47/47 MP: 15/15
  1086 | D        | Reached skill level 20 in Stealth
  1148 | D        | Noticed an unseen horror
  1149 | D        | Killed an unseen horror
  1150 | D        | Noticed an unseen horror
  1284 | D        | Killed an unseen horror
  1284 | D        | Reached **** piety under Dithmenos
  1340 | D        | Noticed a wandering mushroom
  1344 | D        | Noticed a wandering mushroom
  1346 | D        | Noticed a wandering mushroom
  1347 | D        | Killed a wandering mushroom
  1348 | D        | Reached skill level 1 in Shields
  1386 | D        | Reached skill level 10 in Throwing
  1724 | D        | Noticed an orc knight
  1724 | D        | Noticed an orc knight
  1728 | D        | Reached ***** piety under Dithmenos
  1728 | D        | Reached ****** piety under Dithmenos
  1728 | D        | Killed an orc knight
  1728 | D        | Killed an orc knight
  1729 | D        | Reached skill level 21 in Stealth
  1729 | D        | Reached XP level 10. HP: 43/53 MP: 16/18
  1882 | D        | Noticed Harold
  1882 | D        | Noticed Joseph
  1884 | D        | Killed Joseph
  1886 | D        | Killed Harold
  1887 | D        | Reached skill level 10 in Invocations
  1920 | D        | Reached skill level 5 in Evocations
  1947 | D        | Noticed an orange crystal statue
  1958 | D        | Found Zioxiymi's Antique Armour Emporium.
  1958 | D        | Found Diozxeff's Magic Scroll Shoppe.
  1958 | D        | Found Ithrog's Magic Scroll Boutique.
  1958 | D        | Found Viduegam's Jewellery Emporium.
  1958 | D        | Found Gimuanlo's Antique Weapon Shop.
  1958 | D        | Found Zasuubb's Weapon Emporium.
  1958 | D        | Found Xac Zox's Magic Scroll Boutique.
  1959 | D        | Found Meitu's Distillery.
  1959 | D        | Found Xodaost's Book Shoppe.
  1959 | D        | Found Labexuj's Distillery.
  1959 | D        | Found Geybykoq's Weapon Emporium.
  2001 | D        | Bought a scroll of blinking for 82 gold pieces
  2006 | D        | Bought a scroll of immolation for 48 gold pieces
  2008 | D        | Bought a runed scarf for 160 gold pieces
  2015 | D        | Bought a potion of haste for 100 gold pieces
  2015 | D        | Bought a potion of heal wounds for 50 gold pieces
  2015 | D        | Bought 2 potions of curing for 60 gold pieces
  2015 | D        | Bought a potion of flight for 30 gold pieces
  2017 | D        | Bought a potion of flight for 39 gold pieces
  2017 | D        | Bought a potion of haste for 130 gold pieces
  2017 | D        | Bought a potion of might for 52 gold pieces
  2017 | D        | Bought a potion of cancellation for 104 gold pieces
  2027 | D        | Bought a scroll of acquirement for 676 gold pieces
  2027 | D        | Bought a scroll of enchant weapon for 97 gold pieces
  2027 | D        | Acquired a +8 quick blade
  2158 | D        | Noticed a cane toad
  2158 | D        | Noticed a cane toad
  2354 | D        | Killed a cane toad
  2355 | D        | Reached skill level 22 in Stealth
  2366 | D        | Killed a cane toad
  2384 | D        | Reached skill level 10 in Dodging
  2530 | D        | Reached XP level 11. HP: 58/58 MP: 20/20
  2545 | D        | Noticed a lindwurm
  3013 | D        | Reached skill level 23 in Stealth
  3096 | D        | Noticed Rupert
  3100 | D        | Killed Rupert
  3117 | D        | Noticed a dire elephant
  3117 | D        | Noticed a dire elephant
  3117 | D        | Noticed Gastronok
  3185 | D        | Killed a dire elephant
  3200 | D        | Killed a dire elephant
  3201 | D        | Reached skill level 24 in Stealth
  3593 | D        | Killed Gastronok
  3646 | D        | Noticed an azure jelly
  3646 | D        | Noticed an azure jelly
  3646 | D        | Noticed an azure jelly
  3646 | D        | Noticed an azure jelly
  3705 | D        | Noticed Urug
  3872 | D        | a lindwurm changed into a swamp worm
  3937 | D        | Killed Urug
  3956 | D        | Noticed an eight-headed hydra
  3956 | D        | Noticed an eight-headed hydra
  3958 | D        | Killed an eight-headed hydra
  3959 | D        | Killed an eight-headed hydra
  3960 | D        | Reached XP level 12. HP: 59/64 MP: 17/22
  3978 | D        | Found a blossoming altar of Fedhas.
  3981 | D        | Reached skill level 25 in Stealth
  4008 | D        | Noticed an anaconda
  4010 | D        | Killed an anaconda
  4048 | D        | Noticed an anaconda
  4325 | D        | Noticed an anaconda
  4362 | D        | Killed an anaconda
  4381 | D        | Killed an anaconda
  4442 | D        | Reached skill level 26 in Stealth
  4752 | D        | Noticed an anaconda
  4803 | D        | Constricted to death by an anaconda

Illustrated notes

Levels and vault maps discovered:
D:        dungeon_sprint_mu [sprint_mu_entry_cave, sprint_mu_temple_rooms,
          sprint_mu_d1_horrors, sprint_mu_d2_genie, sprint_mu_d3_branching,
          sprint_mu_orc_legion, sprint_mu_elf_gauntlet, sprint_mu_hive_nellie,
          sprint_mu_lair_fedhas, sprint_mu_vaults_butterflies,
          sprint_mu_slime_circle, sprint_mu_shoals_kraken,
          sprint_mu_snake_twists, sprint_mu_blade_basic,
          sprint_mu_crypt_chambers, sprint_mu_tomb_spiral,
          sprint_mu_vestibule_basic, sprint_mu_gehenna_hellfire,
          sprint_mu_dis_giant, sprint_mu_tartarus_statrot,
          sprint_mu_cocytus_islands, sprint_mu_zot1]

Skill      XL: |  1  2  3  4  5  6  7  8  9 10 11 12 |
---------------+-------------------------------------+-----
Stealth        | 9 12 13 17 18 19 21 22 24 26 | 26.3
Fighting       | 2 3 4 5 6 8 |  8.7
Short Blades   | 4 5 7 8 10 11 12 13 | 13.2
Throwing       | 3 4 6 7 9 10 12 13 14 | 14.4
Dodging        | 3 4 5 8 10 12 13 | 13.3
Invocations    | 4 5 7 9 10 13 14 | 14.0
Evocations     | 1 3 4 5 7 8 |  8.4
Shields        | 1 2 3 |  3.4

Action                   |  1- 3 |  4- 6 |  7- 9 | 10-12 || total
-------------------------+-------+-------+-------+-------++-------
Melee: Dagger            |     8 |    28 |    91 |     6 ||   133
       Kick              |       |     6 |    40 |   130 ||   176
       Punch             |       |       |     2 |     6 ||     8
       Quick blade       |       |       |       |   332 ||   332
Throw: Dart              |     9 |     3 |    32 |    22 ||    66
       Boomerang         |       |       |       |    11 ||    11
Invok: Shadow Step       |       |       |       |     4 ||     4
Evoke: Wand              |       |       |     3 |     3 ||     6
       Phial of floods   |       |       |     1 |     4 ||     5
  Use: Potion            |       |     4 |     2 |     5 ||    11
       Scroll            |       |       |     3 |     2 ||     5
 Stab: Sleeping          |     3 |     1 |     7 |    19 ||    30
       Distracted        |       |       |       |     5 ||     5
       Confused          |       |       |       |     1 ||     1
Armor: Robe              |       |     1 |     6 |    13 ||    20
Dodge: Dodged            |     1 |     9 |    72 |   127 ||   209
Block: Other             |       |     2 |    15 |    17 ||    34

Table legend: (Time is in decaauts)
 A = Elapsed time spent in this place.
 B = Non-inter-level travel time spent in this place.
 C = Inter-level travel time spent in this place.
 D = Time resting spent in this place.
 E = Time spent auto-exploring this place.
 F = Levels seen in this place.
 G = Mean time per level.
                   A        B        C        D        E       F      G
               +--------+--------+--------+--------+--------+-----+--------+
         Total |   4057 |   4057 |      0 |   2524 |    395 |   1 | 4057.0 |
       Dungeon |   4057 |   4057 |      0 |   2524 |    395 |   1 | 4057.0 |
               +--------+--------+--------+--------+--------+-----+--------+

Top non-repeatable levels by time:
       D: 4057 daAuts
